NYP
WILLIAMSPORT CROSSCUTTERS @ BROOKLYN CYCLONES
06/01/2044
 
TOP OF THE 1ST
Williamsport Crosscutters batting - Pitching for Brooklyn Cyclones : LHP Steve Kelly
Pitching: LHP Steve Kelly
Batting: RHB Prabhukumar Santhanakrishnan 0-0: Ball
1-0: Swinging Strike
1-1: SOLO HOME RUN (Flyball, 7LD, EV 98.1 MPH), Distance : 352 ft
Batting: RHB Alan Weller 0-0: Called Strike
0-1: Ground out 4-3 (Groundball, 4, EV 100.0 MPH)
Batting: SHB Benjamin Brown 0-0: Called Strike
0-1: Ball
1-1: Ground out 2-3 (Groundball, 2L, EV 71.9 MPH)
Batting: RHB Jimmy Misener 0-0: Called Strike
0-1: Foul Ball, location: 2F
0-2: Foul Ball, location: 2F
0-2: SINGLE (Groundball, 6MD, EV 106.9 MPH)
Batting: RHB Moritake Fukumoto 0-0: Ball
1-0: Swinging Strike
1-1: Foul Ball, location: 2F
1-2: Ball
2-2: Ball
3-2: Foul Ball, location: 2F
3-2: Base on Balls
Jimmy Misener to second
Batting: RHB Allen Gravel 0-0: Swinging Strike
0-1: Ball
1-1: Called Strike
1-2: Ball
2-2: Strikes out looking
Top of the 1st over - 1 run, 2 hits, 0 errors, 2 left on base; Williamsport 1 - Brooklyn 0
BOTTOM OF THE 1ST
Brooklyn Cyclones batting - Pitching for Williamsport Crosscutters : RHP John Stepanian
Pitching: RHP John Stepanian
Batting: RHB Edolf Vlemmings 0-0: Foul Ball, location: 2F
0-1: Called Strike
0-2: Ball
1-2: Ball
2-2: Foul Ball, location: 2F
2-2: Strikes out looking
Batting: RHB Hyeok Kim 0-0: Ground out 4-3 (Groundball, 34D, EV 103.8 MPH)
Batting: LHB Kodai Furuki 0-0: Called Strike
0-1: Called Strike
0-2: Ball
1-2: Strikes out swinging
Bottom of the 1st over - 0 runs, 0 hits, 0 errors, 0 left on base; Williamsport 1 - Brooklyn 0
TOP OF THE 2ND
Williamsport Crosscutters batting - Pitching for Brooklyn Cyclones : LHP Steve Kelly
Batting: RHB Cory Bonham 0-0: Swinging Strike
0-1: Ball
1-1: Foul Ball, location: 2F
1-2: Strikes out swinging
Batting: LHB Tsuneharu Nishimura 0-0: Called Strike
0-1: SINGLE (Flyball, 56D, EV 91.9 MPH)
Batting: LHB Manoel Camp 0-0: Ball
1-0: Ball
2-0: Foul Ball, location: 2F
2-1: SINGLE (Groundball, 6MD, EV 95.6 MPH)
Tsuneharu Nishimura to second
Batting: RHB Prabhukumar Santhanakrishnan 0-0: Ball
1-0: Foul Ball, location: 2F
1-1: Called Strike
1-2: Foul Ball, location: 2F
1-2: Foul Ball, location: 2F
1-2: DOUBLE (Line Drive, 3D, EV 100.0 MPH)
Tsuneharu Nishimura scores
Manoel Camp to third
Runner from 3rd tries for Home, SAFE, no throw by RF
Batting: RHB Alan Weller 0-0: Ball
1-0: Called Strike
1-1: Ball
2-1: Ground out 5-3 (Groundball, 56, EV 82.5 MPH)
Batting: SHB Benjamin Brown 0-0: Foul Ball, location: 2F
0-1: Ball
1-1: Foul Ball, location: 2F
1-2: Foul Ball, location: 2F
1-2: Strikes out swinging
Top of the 2nd over - 2 runs, 3 hits, 0 errors, 1 left on base; Williamsport 3 - Brooklyn 0
BOTTOM OF THE 2ND
Brooklyn Cyclones batting - Pitching for Williamsport Crosscutters : RHP John Stepanian
Batting: LHB Bill Fortin 0-0: Ball
1-0: Ball
2-0: Ground out 4-3 (Groundball, 4S, EV 81.2 MPH)
Batting: RHB Leo Roman 0-0: Ball
1-0: Fly out, F7 (Flyball, 7, EV 81.9 MPH)
Batting: RHB Mario Trujillo 0-0: Ball
1-0: Ground out 3-1 (Groundball, 34, EV 80.6 MPH)
Bottom of the 2nd over - 0 runs, 0 hits, 0 errors, 0 left on base; Williamsport 3 - Brooklyn 0
TOP OF THE 3RD
Williamsport Crosscutters batting - Pitching for Brooklyn Cyclones : LHP Steve Kelly
Batting: RHB Jimmy Misener 0-0: Ball
1-0: Ball
2-0: Ball
3-0: Called Strike
3-1: Ground out 4-3 (Groundball, 4, EV 94.4 MPH)
Batting: RHB Moritake Fukumoto 0-0: Ball
1-0: Called Strike
1-1: Ball
2-1: Called Strike
2-2: Ball
3-2: Fly out, F9 (Line Drive, 9, EV 90.0 MPH)
Batting: RHB Allen Gravel 0-0: Foul Ball, location: 2F
0-1: Called Strike
0-2: Strikes out swinging
Top of the 3rd over - 0 runs, 0 hits, 0 errors, 0 left on base; Williamsport 3 - Brooklyn 0
BOTTOM OF THE 3RD
Brooklyn Cyclones batting - Pitching for Williamsport Crosscutters : RHP John Stepanian
Batting: LHB Manny Caldera 0-0: Foul Ball, location: 2F
0-1: Fly out, F4 (Popup, 34, EV 75.0 MPH)
Batting: RHB Oscar Chairez 0-0: Swinging Strike
0-1: Swinging Strike
0-2: Foul Ball, location: 2F
0-2: Ball
1-2: Foul Ball, location: 2F
1-2: Ball
2-2: Foul Ball, location: 2F
2-2: Ground out 5-3 (Groundball, 56, EV 88.8 MPH)
Batting: RHB Louwe Starmans 0-0: Ball
1-0: Ball
2-0: Foul Ball, location: 2F
2-1: Ball
3-1: Called Strike
3-2: Ground out 5-3 (Groundball, 56S, EV 83.1 MPH)
Bottom of the 3rd over - 0 runs, 0 hits, 0 errors, 0 left on base; Williamsport 3 - Brooklyn 0
TOP OF THE 4TH
Williamsport Crosscutters batting - Pitching for Brooklyn Cyclones : LHP Steve Kelly
Batting: RHB Cory Bonham 0-0: Ball
1-0: Foul Ball, location: 2F
1-1: Called Strike
1-2: Foul Ball, location: 2F
1-2: Strikes out swinging
Batting: LHB Tsuneharu Nishimura 0-0: Ball
1-0: Ball
2-0: Ball
3-0: Base on Balls
Batting: LHB Manoel Camp 0-0: Ball
1-0: Ball
2-0: Ball
3-0: Called Strike
3-1: Called Strike
3-2: Foul Ball, location: 2F
3-2: SINGLE (Line Drive, 6D, EV 94.4 MPH)
Tsuneharu Nishimura to second
Batting: RHB Prabhukumar Santhanakrishnan 0-0: Ball
1-0: Called Strike
1-1: Called Strike
1-2: Foul Ball, location: 2F
1-2: Ball
2-2: 3-RUN HOME RUN (Line Drive, 7D, EV 101.9 MPH), Distance : 392 ft
Pitching: RHP Stan Pitcher
Batting: RHB Alan Weller 0-0: Ground out U3 (Groundball, 3S, EV 93.8 MPH)
Batting: SHB Benjamin Brown 0-0: Ball
1-0: Called Strike
1-1: Ground out 6-3 (Groundball, 6, EV 103.8 MPH)
Top of the 4th over - 3 runs, 2 hits, 0 errors, 0 left on base; Williamsport 6 - Brooklyn 0
BOTTOM OF THE 4TH
Brooklyn Cyclones batting - Pitching for Williamsport Crosscutters : RHP John Stepanian
Batting: RHB Edolf Vlemmings 0-0: Ball
1-0: Called Strike
1-1: Swinging Strike
1-2: Ground out 4-3 (Groundball, 4, EV 81.2 MPH)
Batting: RHB Hyeok Kim 0-0: Called Strike
0-1: Ball
1-1: Ball
2-1: Ground out 4-3 (Groundball, 4M, EV 82.5 MPH)
Batting: LHB Kodai Furuki 0-0: Hit by Pitch
Batting: LHB Bill Fortin 0-0: Ball
1-0: Called Strike
1-1: Ball
2-1: Ball
3-1: Fielders Choice at 2nd, 5-4 (Groundball, 5, EV 76.9 MPH)
Bottom of the 4th over - 0 runs, 0 hits, 0 errors, 1 left on base; Williamsport 6 - Brooklyn 0
TOP OF THE 5TH
Williamsport Crosscutters batting - Pitching for Brooklyn Cyclones : RHP Stan Pitcher
Batting: RHB Jimmy Misener 0-0: Ball
1-0: Foul Ball, location: 2F
1-1: DOUBLE (Line Drive, 89D, EV 101.2 MPH)
Batting: RHB Moritake Fukumoto 0-0: Ball
1-0: Swinging Strike
1-1: Ball
2-1: Ball
3-1: Foul Ball, location: 2F
3-2: SINGLE (Line Drive, 8LS, EV 96.9 MPH)
Jimmy Misener to third
Batting: RHB Allen Gravel 0-0: Ball
1-0: Called Strike
1-1: Ball
2-1: Foul Ball, location: 2F
2-2: Strikes out swinging
Batting: RHB Cory Bonham 0-0: Foul Ball, location: 2F
0-1: Foul Ball, location: 2F
0-2: Foul Ball, location: 2F
0-2: SINGLE (Line Drive, 5D, EV 99.4 MPH)
Jimmy Misener scores
Moritake Fukumoto to second
Batting: LHB Tsuneharu Nishimura 0-0: Called Strike
0-1: Foul Ball, location: 2F
0-2: Foul Ball, location: 2F
0-2: Reached on error, E3 (Groundball, 34, EV 87.5 MPH)
Moritake Fukumoto to third
Cory Bonham to second
Batting: LHB Manoel Camp 0-0: Ball
1-0: Ball
2-0: Ball
3-0: Base on Balls
Moritake Fukumoto scores
Cory Bonham to third
Tsuneharu Nishimura to second
Pitching: RHP Alastair Henry
Batting: RHB Prabhukumar Santhanakrishnan 0-0: Ball
1-0: Ball
2-0: Called Strike
2-1: Ball
3-1: Swinging Strike
3-2: Strikes out swinging
Batting: RHB Alan Weller 0-0: Ball
1-0: Reached on error, E4 (Groundball, 4S, EV 82.5 MPH)
Cory Bonham scores
Tsuneharu Nishimura scores
Manoel Camp to third
Batting: SHB Benjamin Brown 0-0: Called Strike
0-1: Ball
1-1: Ball
2-1: SINGLE (Groundball, 4MD, EV 96.9 MPH)
Manoel Camp scores
Alan Weller to third
Runner from 3rd tries for Home, SAFE, throw by CF to home
Batting: RHB Jimmy Misener 0-0: Foul Ball, location: 2F
0-1: Swinging Strike
0-2: Foul Ball, location: 2F
0-2: Strikes out swinging
Top of the 5th over - 6 runs, 4 hits, 2 errors, 1 left on base; Williamsport 12 - Brooklyn 0
BOTTOM OF THE 5TH
Brooklyn Cyclones batting - Pitching for Williamsport Crosscutters : RHP John Stepanian
Batting: RHB Leo Roman 0-0: Called Strike
0-1: Ball
1-1: Ball
2-1: Ball
3-1: Ground out 6-3 (Groundball, 56, EV 81.9 MPH)
Batting: RHB Mario Trujillo 0-0: Ball
1-0: SINGLE (Groundball, 56S, EV 71.9 MPH) (infield hit)
Batting: LHB Manny Caldera 0-0: Called Strike
Mario Trujillo steals 2nd base (no throw)
0-1: Swinging Strike
0-2: Strikes out swinging
Batting: RHB Oscar Chairez 0-0: Ball
1-0: Ball
2-0: Ground out 5-3 (Groundball, 5S, EV 75.0 MPH)
Bottom of the 5th over - 0 runs, 1 hit, 0 errors, 1 left on base; Williamsport 12 - Brooklyn 0
TOP OF THE 6TH
Williamsport Crosscutters batting - Pitching for Brooklyn Cyclones : RHP Alastair Henry
Batting: RHB Moritake Fukumoto 0-0: Ball
1-0: Ball
2-0: Ball
3-0: Called Strike
3-1: Called Strike
3-2: Foul Ball, location: 2F
3-2: Foul Ball, location: 2F
3-2: Base on Balls
Batting: RHB Allen Gravel 0-0: Swinging Strike
0-1: Swinging Strike
0-2: Foul Ball, location: 2F
0-2: Strikes out swinging
Batting: RHB Cory Bonham 0-0: Called Strike
0-1: Ball
1-1: Called Strike
1-2: Ball
2-2: Strikes out swinging
Batting: LHB Tsuneharu Nishimura 0-0: Ball
1-0: Swinging Strike
1-1: Called Strike
1-2: Foul Ball, location: 2F
1-2: Strikes out swinging
Top of the 6th over - 0 runs, 0 hits, 0 errors, 1 left on base; Williamsport 12 - Brooklyn 0
BOTTOM OF THE 6TH
Brooklyn Cyclones batting - Pitching for Williamsport Crosscutters : RHP John Stepanian
Batting: RHB Louwe Starmans 0-0: Swinging Strike
0-1: Called Strike
0-2: Strikes out looking
Batting: RHB Edolf Vlemmings 0-0: Ball
1-0: Ball
2-0: Swinging Strike
2-1: Foul Ball, location: 2F
2-2: Ball
3-2: Base on Balls
Batting: RHB Hyeok Kim 0-0: Ball
Edolf Vlemmings steals 2nd base
1-0: Swinging Strike
1-1: Ball
2-1: Called Strike
2-2: SINGLE (Groundball, 6MD, EV 101.2 MPH)
Edolf Vlemmings to third
Runner from 3rd tries for Home, SAFE, throw by CF to home
Batting: LHB Kodai Furuki 0-0: Ball
Hyeok Kim steals 2nd base
1-0: Swinging Strike
1-1: Ball
2-1: Called Strike
2-2: Strikes out swinging
Batting: LHB Bill Fortin 0-0: Called Strike
0-1: Ball
1-1: Foul Ball, location: 2F
1-2: Foul Ball, location: 2F
1-2: Ball
2-2: Hit by Pitch
Batting: RHB Leo Roman 0-0: Called Strike
0-1: Foul Ball, location: 2F
0-2: SINGLE (Groundball, 56D, EV 102.5 MPH)
Hyeok Kim to third
Bill Fortin to second
Runner from 3rd tries for Home, throw by LF and OUT! 7-2
Bottom of the 6th over - 1 run, 2 hits, 0 errors, 2 left on base; Williamsport 12 - Brooklyn 1
TOP OF THE 7TH
Williamsport Crosscutters batting - Pitching for Brooklyn Cyclones : RHP Alastair Henry
Pitching: RHP Leo Burgos
Batting: LHB Manoel Camp 0-0: Called Strike
0-1: Ball
1-1: Swinging Strike
1-2: Ground out 6-3 (Groundball, 6, EV 80.0 MPH)
Batting: RHB Prabhukumar Santhanakrishnan 0-0: Ball
1-0: Foul Ball, location: 2F
1-1: Foul Ball, location: 2F
1-2: Ball
2-2: Ball
3-2: Strikes out looking
Batting: RHB Alan Weller 0-0: Called Strike
0-1: TRIPLE (Groundball, 3L, EV 106.2 MPH)
Batting: SHB Benjamin Brown 0-0: Fly out, F8 (Flyball, 8LM, EV 89.4 MPH)
Top of the 7th over - 0 runs, 1 hit, 0 errors, 1 left on base; Williamsport 12 - Brooklyn 1
BOTTOM OF THE 7TH
Brooklyn Cyclones batting - Pitching for Williamsport Crosscutters : RHP John Stepanian
Pinch Hitting: LHB Javy Cavazos 0-0: Ball
1-0: Ball
2-0: Swinging Strike
2-1: Foul Ball, location: 2F
2-2: Strikes out swinging
Pitching: RHP Paul Wright
Batting: LHB Manny Caldera 0-0: Called Strike
0-1: Swinging Strike
0-2: Ball
1-2: Foul Ball, location: 2F
1-2: Foul Ball, location: 2F
1-2: Ball
2-2: Ball
3-2: Foul Ball, location: 2F
3-2: Strikes out swinging
Batting: RHB Oscar Chairez 0-0: SINGLE (Groundball, 6MD, EV 108.8 MPH)
Batting: RHB Louwe Starmans 0-0: Swinging Strike
0-1: Ball
1-1: Swinging Strike
1-2: Ball
2-2: Ball
3-2: Base on Balls
Oscar Chairez to second
Pinch Hitting: RHB Rongo Olopoto 0-0: Ball
1-0: Called Strike
1-1: Swinging Strike
1-2: Strikes out swinging
Bottom of the 7th over - 0 runs, 1 hit, 0 errors, 2 left on base; Williamsport 12 - Brooklyn 1
TOP OF THE 8TH
Williamsport Crosscutters batting - Pitching for Brooklyn Cyclones : RHP Leo Burgos
Now at 1B: Rongo Olopoto
Now in LF: Javy Cavazos
Now in RF: Kodai Furuki
Batting: RHB Jimmy Misener 0-0: Ball
1-0: Ball
2-0: Ball
3-0: Called Strike
3-1: Foul Ball, location: 2F
3-2: Strikes out looking
Batting: RHB Moritake Fukumoto 0-0: Called Strike
0-1: Ball
1-1: Swinging Strike
1-2: DOUBLE (Line Drive, 5D, EV 109.4 MPH)
Pinch Hitting: RHB Ken Gadberry 0-0: Ball
1-0: Called Strike
1-1: Swinging Strike
1-2: Strikes out swinging
Batting: RHB Cory Bonham 0-0: Ball
1-0: Foul Ball, location: 2F
1-1: Ball
2-1: Fly out, F6 (Line Drive, 6, EV 67.5 MPH)
Top of the 8th over - 0 runs, 1 hit, 0 errors, 1 left on base; Williamsport 12 - Brooklyn 1
BOTTOM OF THE 8TH
Brooklyn Cyclones batting - Pitching for Williamsport Crosscutters : RHP Paul Wright
Now at 2B: Ken Gadberry
Pinch Hitting: RHB Tony Infante 0-0: Called Strike
0-1: SOLO HOME RUN (Line Drive, 7D, EV 103.8 MPH), Distance : 396 ft
Batting: LHB Kodai Furuki 0-0: Called Strike
0-1: Ground out 6-3 (Groundball, 6MS, EV 86.9 MPH)
Batting: LHB Bill Fortin 0-0: Ball
1-0: Ball
2-0: Called Strike
2-1: SINGLE (Groundball, 3D, EV 95.6 MPH)
Batting: RHB Leo Roman 0-0: Called Strike
0-1: Foul Ball, location: 2F
0-2: Ball
1-2: Strikes out swinging
Batting: LHB Javy Cavazos 0-0: Swinging Strike
0-1: Fly out, F3 (Line Drive, 3, EV 61.2 MPH)
Bottom of the 8th over - 1 run, 2 hits, 0 errors, 1 left on base; Williamsport 12 - Brooklyn 2
TOP OF THE 9TH
Williamsport Crosscutters batting - Pitching for Brooklyn Cyclones : RHP Leo Burgos
Pitching: LHP Jose Diaz
Now at 2B: Tony Infante
Batting: RHB Matt McDevitt 0-0: Called Strike
0-1: Ball
1-1: Swinging Strike
1-2: Strikes out swinging
Batting: LHB Manoel Camp 0-0: Called Strike
0-1: Swinging Strike
0-2: Foul Ball, location: 2F
0-2: Ball
1-2: Ball
2-2: Ground out 6-3 (Groundball, 6, EV 96.2 MPH)
Batting: RHB Prabhukumar Santhanakrishnan 0-0: Called Strike
0-1: Ball
1-1: Ball
2-1: Foul Ball, location: 2F
2-2: Strikes out swinging
Top of the 9th over - 0 runs, 0 hits, 0 errors, 0 left on base; Williamsport 12 - Brooklyn 2
BOTTOM OF THE 9TH
Brooklyn Cyclones batting - Pitching for Williamsport Crosscutters : RHP Paul Wright
Batting: LHB Manny Caldera 0-0: Ball
1-0: Ball
2-0: Called Strike
2-1: Swinging Strike
2-2: Foul Ball, location: 2F
2-2: Strikes out swinging
Batting: RHB Oscar Chairez 0-0: Called Strike
0-1: Fly out, F9 (Flyball, 9, EV 86.2 MPH)
Batting: RHB Louwe Starmans 0-0: Called Strike
0-1: Reached on error, E5 (Groundball, 5S, EV 65.0 MPH)
Pinch Hitting: RHB Sergio Baeza 0-0: Foul Ball, location: 2F
0-1: Ball
1-1: Fly out, F8 (Flyball, 8RD, EV 90.0 MPH)
Bottom of the 9th over - 0 runs, 0 hits, 1 error, 1 left on base; Williamsport 12 - Brooklyn 2
Thursday, March 31st , 2022 - OOTP Baseball 22.12 Build 89